 Dungeon Crawl Stone Soup version 0.17.0-18-gaab0e96 (webtiles) character file.

16 deconix the Stinger (level 2, -1/16 HPs)
             Began as a Gargoyle Venom Mage on Nov 11, 2015.
             Slain by a giant gecko (4 damage)
             ... on level 1 of the Dungeon.
             The game lasted 00:05:45 (1077 turns).

deconix the Stinger (Gargoyle Venom Mage)           Turns: 1077, Time: 00:05:45

Health: -1/16      AC:  5    Str: 11    XL:     2   Next: 58%
Magic:  5/5        EV: 11    Int: 15    God:
Gold:   26         SH:  0    Dex: 10    Spells: 1 memorised, 4 levels left

rFire  . . .     SeeInvis .     (no weapon)
rCold  . . .     Clarity  .     g - +0 leather armour {MR+}
rNeg   + . .     SustAt   .     (no shield)
rPois  ∞         Gourm    .     (no helmet)
rElec  +         Spirit   .     (no cloak)
rCorr  .         Warding  .     (no gloves)
rMut   .         Stasis   .     (no boots)
MR     +....                    (no amulet)
Stlth  ++........               (no ring)
                                (no ring)

@: somewhat resistant to hostile enchantments, unstealthy
A: negative energy resistance 1, electricity resistance, unbreathing,
petrification resistance, rot immunity, AC +2
a: no special abilities


You were on level 1 of the Dungeon.
You were full.

You visited 1 branch of the dungeon, and saw 1 of its levels.

You collected 26 gold pieces.

Inventory:

Armour
 a - a +0 robe
 g - a +0 leather armour of magic resistance (worn)
Scrolls
 e - a scroll of amnesia {unknown}
 h - a scroll of teleportation
Potions
 f - a potion of magic {unknown}
Books
 b - a Young Poisoner's Handbook

   Spells                             Type                      Level
   a - Sting                          Conjuration/Poison           1
   b - Cure Poison                    Poison                       2
   c - Mephitic Cloud                 Conjuration/Poison/Air       3
   d - Olgreb's Toxic Radiance        Poison                       4
   e - Venom Bolt                     Conjuration/Poison           5
Comestibles
 c - a bread ration
 d - a beef jerky


   Skills:
 + Level 1.0 Fighting
 + Level 1.8 Dodging
 + Level 2.2 Stealth
 + Level 2.0 Spellcasting
 + Level 4.2 Poison Magic


You had 4 spell levels left.
You knew the following spells:

 Your Spells              Type           Power        Failure   Level  Hunger
a - Sting                 Conj/Pois      #...         14%         1    #......


Dungeon Overview and Level Annotations

Branches:
Dungeon (1/15)

Altars:


Innate Abilities, Weirdness & Mutations

You are resistant to torment.
Your stone body is resilient (AC +2).
You are immune to poison.
You resist negative energy.
You are resistant to electric shocks.
You can survive without breathing.
You are immune to petrification.
You are immune to rotting.


Message History

The giant gecko barely misses you.
You closely miss the giant gecko.
The giant gecko is severely wounded.
The giant gecko closely misses you.
You closely miss the giant gecko.
The giant gecko is severely wounded.
The giant gecko closely misses you.
You miss the giant gecko.
The giant gecko is severely wounded.
The giant gecko closely misses you. The giant gecko bites you.
* * * LOW HITPOINT WARNING * * *
The giant gecko bites you but does no damage.
You barely miss the giant gecko.
The giant gecko is severely wounded.
The giant gecko bites you but does no damage.
You closely miss the giant gecko.
The giant gecko is severely wounded.
The giant gecko bites you but does no damage.
The giant gecko bites you.
You die...

#.............................>..
...........................####..
...........).............(.# #..
...........................# ###
....###....................#####
....# #########............'...#
....# #..(.........###.# ....#
#........#'#...#.# ....#
#.@l.....#.....#.# #####
########.###.###.# #......#.# #.#
#.##.#.#.# #.# #.##.#.#.# #.#
#.##.#...# #.# #.##.#######.#
#.##.........# #.############


You could see a giant gecko.

Vanquished Creatures
  A ball python (D:1)
  3 giant cockroaches (D:1)
  2 hobgoblins (D:1)
  A kobold (D:1)
  A giant newt (D:1)
  4 goblins (D:1)
  2 rats (D:1)
14 creatures vanquished.

Notes
Turn   | Place    | Note
--------------------------------------------------------------
     0 | D:1      | deconix the Gargoyle Venom Mage began the quest for the Orb.
     0 | D:1      | Reached XP level 1. HP: 10/10 MP: 3/3
   151 | D:1      | Reached XP level 2. HP: 6/15 MP: 5/5
   895 | D:1      | Reached skill level 1 in Fighting
  1077 | D:1      | Slain by a giant gecko

Action                   || total
-------------------------++-------
Melee: Unarmed           ||   130
 Cast: Sting             ||     6
  Use: Scroll            ||     2
 Stab: Sleeping          ||     1
  Eat: Meat ration       ||     1
